AoeStats
← Chiripa605

Arena

503874841Analyzed
3v3 RM · 1mo ago on Sep 2, 2026· 34m 19s· 6 players
Game mode
Random Map
Map size
Normal (6 player)
Population
200
Speed
Normal
Resources
Standard
Victory
Conquest
Starting age
Dark Age
Ending age
Imperial Age
RankedLock teamsTeams togetherTeam positionsShared explorationLock speedFull tech treeHidden civsTurbo modeCheats
Victory
Defeat
🇷🇺 Poles · Russia
1256
+13
🇺🇸 Vietnamese · United States
1225
+15
🇨🇳 Mongols · China
1182
+17
🇩🇪 Celts · Germany
1253
-17
🇧🇷 Mongols · Brazil
1190
-15
🇵🇪 Saracens · Peru
1154
-13
Chiripa605
10:38 Feudal Age
14:36 Castle Age
12:56 Double-Bit Axe
13:38 Horse Collar
15:57 Bow Saw
18:20 Loom
19:17 Heavy Plow
22:26 Wheelbarrow
22:33 Gold Mining
23:12 Stone Mining
24:21 Hand Cart
24:57 Stone Shaft Mining
28:34 Imperial Age
26:45 Scale Mail Armor
28:05 Chain Mail Armor
27:53 Squires
27:39 Arson
28:43 Elite Fire Lancer
29:56 Plate Mail Armor
30:53 Two-Man Saw
29:56 Capped Ram
30:14 Capped Ram
31:23 Forging
32:56 Iron Casting
arkosta
11:16 Feudal Age
12:12 Loom
14:59 Castle Age
12:55 Horse Collar
14:47 Double-Bit Axe
17:44 Bow Saw
21:18 Heavy Plow
21:53 Szlachta Privileges
23:26 Bloodlines
23:16 Husbandry
25:29 Wheelbarrow
25:41 Gold Mining
27:45 Forging
27:35 Scale Mail Armor
27:48 Scale Barding Armor
29:45 Chain Barding Armor
32:12 Iron Casting
34:47 Imperial Age
33:36 Wheelbarrow
33:17 Light Cavalry
pickmyself or end
10:53 Feudal Age
11:58 Double-Bit Axe
11:58 Horse Collar
14:54 Castle Age
16:12 Bow Saw
16:18 Heavy Plow
17:14 Wheelbarrow
21:19 Stone Mining
25:28 Gold Mining
26:10 Town Watch
26:14 Loom
29:08 Imperial Age
27:06 Fletching
27:17 Padded Archer Armor
27:34 Masonry
27:47 Ballistics
28:03 Hand Cart
28:36 Town Watch
29:32 Stone Shaft Mining
29:37 Gold Shaft Mining
29:16 Fortified Wall
29:08 Bodkin Arrow
29:32 Leather Archer Armor
30:12 Siege Engineers
31:41 Conscription
31:28 Bracer
31:39 Forging
31:34 Scale Barding Armor
31:36 Thumb Ring
33:05 Bloodlines
32:55 Husbandry
34:00 Chemistry
33:48 Elite Mangudai
35:00 Parthian Tactics
34:07 Light Cavalry
El Botascha 2.0
2:32 Loom
11:00 Feudal Age
12:06 Double-Bit Axe
16:40 Castle Age
16:05 Horse Collar
24:59 Town Watch
27:00 Wheelbarrow
28:31 Heavy Plow
28:49 Bow Saw
30:06 Hand Cart
34:18 Imperial Age
32:35 Fletching
32:46 Padded Archer Armor
32:57 Gold Mining
32:58 Stone Mining
33:29 Murder Holes
33:46 Fortified Wall
33:49 Masonry
33:20 Treadmill Crane
33:35 Murder Holes
34:23 Gold Shaft Mining
Fighthausen
10:39 Feudal Age
15:03 Castle Age
13:25 Horse Collar
14:22 Double-Bit Axe
16:24 Wheelbarrow
30:39 Imperial Age
28:26 Scale Mail Armor
28:36 Forging
28:25 Town Watch
28:25 Loom
29:55 Chain Mail Armor
30:20 Fletching
xcsqadow
10:02 Feudal Age
13:44 Castle Age
11:47 Double-Bit Axe
12:16 Horse Collar
20:59 Wheelbarrow
21:45 Stone Mining
25:27 Gold Mining
26:31 Hand Cart
26:24 Fletching
30:33 Imperial Age
28:39 Husbandry
28:37 Bodkin Arrow
29:48 Ballistics
29:33 Padded Archer Armor
29:43 Loom
30:27 Thumb Ring
30:56 Bloodlines
31:12 Bow Saw
31:15 Bracer
31:56 Conscription
33:14 Chemistry
33:11 Leather Archer Armor
Connection lost

Rejoining the realm…

Still unreachable

The connection could not be restored.

Session expired

The server has moved on; the page needs a fresh start.